 Dungeon Crawl Stone Soup version 0.30-a0-920-g7493c07aab (webtiles) character file.

Game seed: 4934550153185550704

9 DeathPants the Shield-Bearer (level 2, -2/16 HPs)
             Began as a Vine Stalker Fighter on Mar 21, 2023.
             Slain by a kobold
             ... wielding a +0 short sword
              (4 damage)
             ... on level 1 of the Dungeon.
             The game lasted 00:01:11 (138 turns).

DeathPants the Shield-Bearer (Vine Stalker Fighter)  Turns: 138, Time: 00:01:12

Health: -2/16      AC:  6    Str: 18    XL:     2   Next: 16%
Magic:  0/3        EV:  9    Int:  8    God:
Gold:   13         SH:  5    Dex: 19    Spells: 1/1 levels left

rFire   . . .      SeeInvis .    a - +0 long sword
rCold   . . .      Faith    .    c - +0 buckler
rNeg    . . .      Spirit   +    b - +0 scale mail
rPois   .          Reflect  .    (no helmet)
rElec   .          Rampage  .    (no cloak)
rCorr   .                        (no gloves)
Will    .....                    (no boots) Stlth
                                 (no amulet)
HPRegen 0.22/turn                e - +6 ring of dexterity
MPRegen 0.08/turn                (no ring)

@: no status effects
A: fangs 2, magic shield, antimagic bite, no potion heal 2
a: no special abilities


You were on level 1 of the Dungeon.
You visited 1 branch of the dungeon, and saw 2 of its levels.

You collected 13 gold pieces.

Inventory:

Hand Weapons
 a - a +0 long sword (weapon)
Armour
 b - a +0 scale mail (worn)
 c - a +0 buckler (worn)
Jewellery
 e - a +6 ring of dexterity (left hand)
Potions
 d - a potion of might


   Skills:
 + Level 2.8 Fighting
 * Level 2.1 Long Blades
 - Level 2.4 Armour
 + Level 0.3 Dodging
 + Level 2.8 Shields


You had one spell level left.
You didn't know any spells.
Your spell library was empty.

Dungeon Overview and Level Annotations

Branches:
Dungeon (2/15)

Altars:


Innate Abilities, Weirdness & Mutations

You have extremely sharp teeth.
When hurt, damage is shared between your health and your magic reserves.
Your bite disrupts and absorbs the magic of your enemies.
Potions cannot restore your health.


Message History

A dart slug comes into view.
The bat hits you but does no damage.
The kobold throws a stone.
The stone hits you but does no damage.
You miss the bat. The bat hits you but does no damage.
The bat closely misses you.
You barely miss the bat. The bat closely misses you. The bat hits you.
The bat hits you but does no damage.
You closely miss the bat. The bat hits you but does no damage.
You block the bat's attack. The kobold closely misses you.
You hit the bat.
You kill the bat!
You block the kobold's attack.
You closely miss the kobold. The kobold hits you with a +0 whip.
The kobold barely misses you.
You barely miss the kobold. The kobold hits you with a +0 whip.
The kobold barely misses you. The kobold hits you with a +0 whip.
* * * LOW HITPOINT WARNING * * *
The kobold hits you but does no damage.
You hit the kobold.
You kill the kobold!
The kobold barely misses you. The dart slug launches a dart at you.
The slug dart hits you.
* * * LOW HITPOINT WARNING * * *
The kobold attacks as you move away!
The kobold hits you with a +0 short sword.
* * * LOW HITPOINT WARNING * * *
Things that are here:
a +0 whip; 4 stones; a kobold corpse You hit the dart slug.
The dart slug is moderately wounded.
The kobold hits you but does no damage. The dart slug launches a dart at you.
The slug dart hits you.
* * * LOW HITPOINT WARNING * * *
You slash the dart slug!
You kill the dart slug!
The kobold hits you but does no damage.
The kobold hits you with a +0 short sword.
You die...

.....................
...###...#........#..
..## #...+.#. _...... .
...# #...##.##.....# ..
...# #....#........# ...
...# #............##....
...# #..................
...##....###.)###.......
......##.....ggK@....#
.####. ###...####....#
## ## ###.# #...# #..
.#...# ... # #.. ##. #


You could see 2 goblins and a kobold.

Vanquished Creatures
  A dart slug (D:1)
  A ball python (D:1)
  A bat (D:1)
  2 endoplasms (D:1)
  3 kobolds (D:1)
  A rat (D:1)
9 creatures vanquished.

Notes
Turn   | Place    | Note
-------+----------+-------------------------------------------
     0 | D:1      | DeathPants the Vine Stalker Fighter began the quest for the
                  | Orb.
     0 | D:1      | Reached XP level 1. HP: 11/11 MP: 2/2
   119 | D:1      | Found a faded altar of an unknown god.
   126 | D:1      | Reached XP level 2. HP: 13/16 MP: 3/3
   138 | D:1      | Slain by a kobold

Illustrated notes

Levels and vault maps discovered:
D:1:      dpeg_arrival_boxorama, layout_rooms, hellmonk_ecumenical_altar_blasted
D:2:      layout_loops_ring, uniq_jessica

Skill      XL: |  1 |
---------------+----+-----
Long Blades    | 2 |  2.1
Fighting       | |  2.8
Armour         | |  2.4
Dodging        | |  0.3
Shields        | |  2.8

Action                     || total
---------------------------++-------
  Melee: Long sword        ||    32
         Bite              ||     7
 Armour: Scale mail        ||    23
  Dodge: Dodged            ||    17
  Block: Buckler           ||    11

Table legend: (Time is in decaauts)
 A = Elapsed time spent in this place.
 B = Non-inter-level travel time spent in this place.
 C = Inter-level travel time spent in this place.
 D = Time resting spent in this place.
 E = Time spent auto-exploring this place.
 F = Levels seen in this place.
 G = Mean time per level.
                   A        B        C        D        E       F      G
               +--------+--------+--------+--------+--------+-----+--------+
         Total |    148 |    148 |      0 |      0 |     59 |   2 |   74.0 |
       Dungeon |    148 |    148 |      0 |      0 |     59 |   2 |   74.0 |
               +--------+--------+--------+--------+--------+-----+--------+

Top non-repeatable levels by time:
     D:1: 146 daAuts
     D:2: 1 daAuts
